 Dungeon Crawl Stone Soup version 0.23.1 (webtiles) character file.

Game seed: 6583519416014023664

44 Borgoz the Sneak (level 3, -4/26 HPs)
             Began as a Ghoul Enchanter on Mar 8, 2019.
             Slain by a worm (9 damage)
             ... on level 2 of the Dungeon.
             The game lasted 00:02:49 (1381 turns).

Borgoz the Sneak (Ghoul Enchanter)                  Turns: 1381, Time: 00:02:49

Health: -4/26      AC:  3    Str: 11    XL:     3   Next: 62%
Magic:  4/4        EV: 12    Int: 10    God:
Gold:   78         SH:  0    Dex: 10    Spells: 4/5 levels left

rFire    . . .     SeeInvis .   a - +2 dagger
rCold    + . .     Gourm    .   (no shield)
rNeg     + + +     Faith    .   e - +0 leather armour
rPois    ∞         Spirit   .   (no helmet)
rElec    .         Reflect  .   (no cloak)
rCorr    .         Harm     .   (no gloves)
MR       .....                  (no boots)
Stlth    ++........             (no amulet)
HPRegen  0.00/turn              (no ring)
MPRegen  0.09/turn              (no ring)

@: rotting
A: rotting body, claws 1, carnivore, cold resistance 1, negative energy
resistance 3, inhibited regeneration, torment resistance, unbreathing
a: no special abilities


You were on level 2 of the Dungeon.
You were not hungry.

You visited 1 branch of the dungeon, and saw 2 of its levels.

You collected 78 gold pieces.

Inventory:

Hand Weapons
 a - a +2 dagger (weapon)
Armour
 e - a +0 leather armour (worn)
Jewellery
 l - an uncursed ring of fire
Scrolls
 g - a scroll of remove curse
Potions
 b - a potion of curing {unknown}
 c - a potion of haste {unknown}
 m - a potion of magic
 n - 2 potions of brilliance
Comestibles
 d - 2 rations
 f - a chunk of flesh


   Skills:
 + Level 1.8 Short Blades
 + Level 1.3 Armour
 + Level 2.4 Dodging
 - Level 3.2 Stealth
 - Level 1.7 Spellcasting
 - Level 2.4 Hexes


You had 4 spell levels left.
You knew the following spells:

 Your Spells              Type           Power        Failure   Level  Hunger
a - Corona                Hex            #......      16%         1    ##.....

Your spell library contained the following spells:

 Spells                   Type           Power        Failure   Level  Hunger
 Ensorcelled Hibernation  Hex/Ice        #.....       36%         2    ###....
 Confuse                  Hex            #.......     43%         3    ####...
 Tukima's Dance           Hex            #.......     43%         3    ####...
 Dazzling Spray           Conj/Hex       #.....       61%         3    ####...


Dungeon Overview and Level Annotations

Branches:
Dungeon (2/15)

Altars:
Okawaru


Innate Abilities, Weirdness & Mutations

Your body is rotting away.
You thrive on raw meat.
You are immune to poison.
You have sharp fingernails.
You are carnivorous and can eat meat at any time.
Your flesh is cold resistant. (rC+)
You are immune to negative energy. (rN+++)
You do not regenerate when monsters are visible.
You are immune to unholy pain and torment.
You can survive without breathing.


Message History

The worm is heavily wounded.
You hit the worm.
The worm is severely wounded.
The worm bites you.
You hit the worm.
The worm is almost dead.
You hit the worm.
You kill the worm!
You hit the worm.
The worm is moderately wounded.
You barely miss the worm.
The worm is moderately wounded.
The worm bites you.
* * * LOW HITPOINT WARNING * * *
You hit the worm.
The worm is moderately wounded.
You hit the worm.
The worm is heavily wounded.
The worm bites you!
You die...

.##
#.................##.#......
..## #.................#
.#######
#..###.................# #
''..##.................#
#......................#
..####.................##
.....#.............÷...<#
.....#........###########
.....+........'w@.......
.....#........##########
.....'........'.†.#######+####
.....#........###w..)..........
.....########## #.........)....
.....# #..............
.....###### #..............
..........# #...w..........
..........# #..............


You could see a worm.

Vanquished Creatures
  An adder (D:2)
  A worm (D:2)
  2 dart slugs (D:1)
  2 bats (D:1)
  A giant cockroach (D:1)
  3 goblins
  5 hobgoblins
  A ball python (D:1)
  2 frilled lizards
  5 kobolds (D:1)
  7 rats
30 creatures vanquished.

Notes
Turn   | Place    | Note
-------+----------+-------------------------------------------
     0 | D:1      | Borgoz the Ghoul Enchanter began the quest for the Orb.
     0 | D:1      | Reached XP level 1. HP: 14/14 MP: 2/2
   134 | D:1      | Reached skill level 1 in Short Blades
   205 | D:1      | Reached XP level 2. HP: 19/20 MP: 3/3
   410 | D:1      | Reached skill level 1 in Armour
   721 | D:1      | Reached XP level 3. HP: 20/26 MP: 4/4
   985 | D:2      | Found an iron altar of Okawaru.
  1381 | D:2      | Slain by a worm

Skill      XL: |  1  2 |
---------------+-------+-----
Short Blades   | 1 |  1.8
Dodging        | 2 |  2.4
Armour         | 1 |  1.3
Stealth        | |  3.2
Spellcasting   | |  1.7
Hexes          | |  2.4

Action                   || total
-------------------------++-------
Melee: Dagger            ||   123
  Use: Scroll            ||     8
 Stab: Sleeping          ||     3
  Eat: Chunk             ||     7
Armor: Robe              ||     2
       Leather armour    ||    26
Dodge: Dodged            ||    51
